 Dungeon Sprint DCSS version 0.31-a0-986-g5e6e4ef867 (webtiles) character file.

Game seed: 9417131770175693097

44277 rocky1 the Sensei (level 13, 0/99 HPs)
             Began as a Djinni Shapeshifter on Nov 13, 2023.
             Was an Initiate of Gozag.
             Slain by a nagaraja
             ... wielding a +0 halberd
              (11 damage)
             ... in the Dungeon (Sprint III: "The Ten Rune Challenge").
             The game lasted 00:19:17 (3917 turns).

rocky1 the Sensei (Djinni Shapeshifter)             Turns: 3917, Time: 00:19:18

Health: 0/99       AC:  9    Str: 13    XL:     13   Next: 95%
Gold:   2780       EV: 25    Int: 15    God:    Gozag SH:  0 Dex: 24

rFire   + +          +
                       - Unarmed
rCold   + . .        (shield currently unavailable)
rNeg    + . .        s - +2 robe {rC+ rF+}
rPois   ∞            a - +0 helmet
rElec   +            j - +0 cloak
rCorr   +            C - +2 pair of gloves {hurl}
SInv    .            (boots unavailable)
Will    +....        m - amulet of regeneration
Stlth   ++           o - ring of the Empire {rN+ Int+3 Dex+6}
HPRegen 1.16/turn    (no ring)
MPRegen 0.00/turn

%: no teleportation, infuse magic (-1 HP)
@: mighty, brilliant, flux-form, resistant, untranslocatable, gold aura, flying,
glowing
A: glow, contaminating, flying, sickness immunity, fire resistance 2, cold
vulnerability 1, float, innate caster, HP casting, extra vitality 1, sturdy
frame 1
}: 1/10 runes: barnacled
a: Begin Untransformation, Renounce Religion, Potion Petition, Call Merchant,
Bribe Branch


You were in the Dungeon.
You worshipped Gozag.
Gozag was most pleased with you.
You were something dangerously unstable.
You visited 1 branch You collected 12026 gold pieces.
You spent 3321 gold pieces at shops.
You paid 5925 gold pieces to Gozag.

Inventory:

Missiles
 f - 3 boomerangs
 y - 3 javelins
 B - 5 atropa-tipped darts
Armour
 a - a +0 helmet (worn)
 j - a +0 cloak (worn)
 s - a +2 robe of resistance (worn)
 v - a +3 ring mail of fire resistance
 C - a +2 pair of gloves of hurling (worn)
Jewellery
 m - an amulet of regeneration (around neck)
 o - the ring of the Empire (left hand) {rN+ Int+3 Dex+6}
   (You bought it in a shop in the Dungeon)

   [ring of dexterity]

   Int+3:     It affects your intelligence (+3).
   Dex+6:     It affects your dexterity (+6).
   rN+:       It protects you from negative energy.
Talismans
 c - a beast talisman
 d - a flux talisman (active)
Wands
 r - a wand of iceblast (9)
Scrolls
 l - a scroll of immolation
 u - a scroll of enchant armour {unknown}
Potions
 b - a potion of lignification
 e - 4 potions of curing
 g - a potion of haste
 h - a potion of berserk rage
 k - 3 potions of mutation
 n - 2 potions of enlightenment
 p - 4 potions of resistance
 t - a potion of invisibility
 w - 4 potions of heal wounds
 x - a potion of brilliance
 z - 2 potions of might
 A - a potion of cancellation
Miscellaneous
 q - a sack of spiders


   Skills:
 * Level 11.5 Fighting
 * Level 3.6 Armour
 + Level 14.3 Dodging
 - Level 5.9 Stealth
 + Level 22.2 Unarmed Combat
 - Level 10.0 Spellcasting
 - Level 10.0 Conjurations
 - Level 10.0 Hexes
 - Level 10.0 Summonings
 - Level 10.0 Necromancy
 - Level 10.0 Translocations
 - Level 10.0 Transmutations
 - Level 10.0 Fire Magic
 - Level 10.0 Ice Magic
 - Level 10.0 Air Magic
 - Level 10.0 Earth Magic
 - Level 10.0 Poison Magic
 * Level 14.7 Shapeshifting


You knew the following spells:

 Your Spells              Type           Power      Damage    Failure   Level
a - Freeze                Ice            100%       1d10      1%          1
b - Lesser Beckoning      Tloc           100%       N/A       1%          2
c - Ozocubu's Armour      Ice            54%        N/A       1%          3
d - Inner Flame           Hex/Fire       54%        N/A       1%          3
e - Fireball              Conj/Fire      27%        3d12      4%          5
f - Yara's Violent Unrav  Hex/Tmut       27%        3d12      4%          5
Your spell library was empty.

Dungeon Overview and Level Annotations

Branches:
Dungeon (1/1)

Altars:
Cheibriados
Dithmenos
Elyvilon
Fedhas
Gozag
Hepliaklqana
Makhleb
Nemelex Xobeh
Okawaru
Qazlal
Ru
Trog
Uskayaw
Wu Jian
Xom
Yredelemnul
Zin
The Shining One
Jiyva
Lugonu

Shops:
D *[==*::!(=:!:(=???[(


Innate Abilities, Weirdness & Mutations

You are something dangerously unstable.
You glow with magical radiation, making you easy to see and hit.
Foes you strike become dangerously contaminated with magical radiation.
You are flying.
You are incapable of wielding weapons or throwing items.
You are immune to sickness and miasma.
You are immune to poison.
Your flesh is very heat resistant. (rF++)
You are vulnerable to cold. (rC-)
You float through the air rather than walking.
You learn spells naturally, not from books.
Your magical power is your life essence.
You have superior vitality. (+4 MHP)
Your movements are slightly less encumbered by armour. (ER -2)


Message History

The naga is almost dead.
The nagaraja completely misses you. The naga hits you but does no damage.
The naga constricts you.
You are too injured to fight recklessly!
You are too injured to fight recklessly!
You are too injured to fight recklessly!
You punch the naga!
You kill the naga!
The naga spits poison at you. The splash of poison misses you.
The nagaraja casts a spell at you.
You feel firmly anchored in space.
Unknown command.
The nagaraja spits poison at you.
The splash of poison hits you but does no damage.
You resist.
The naga is distracted by your dazzling golden aura.
The naga shouts!
Things that are here:
162 gold pieces; a +0 dire flail; a +0 robe [a] - 432 gold - resistance, might and brilliance [b] - 160 gold - might and brilliance [c] - 756 gold - resistance, enlightenment, invisibility and might Purchase which effect?
You no longer have enough gold to bribe branches to halt enemies' attacks and recruit allies.
You feel protected.
You feel very mighty all of a sudden.
You feel clever all of a sudden.
The nagaraja hits you but does no damage.
The nagaraja misses you.
You pummel the naga!!
The naga begins to glow.
The naga is no longer distracted by gold.
The naga is severely wounded.
The nagaraja hits you from afar with a +0 halberd!
You pummel the naga!!
You kill the naga!
The nagaraja hits you from afar with a +0 halberd!!
* * * LOW HITPOINT WARNING * * *
The nagaraja hits you with a +0 halberd!
You die...
Your body crumbles into a pile of gold.

######'#############)############
#...........##▓~~≈≈≈≈≈≈≈≈≈≈▓
#............#▓≈≈~≈≈≈≈≈≈≈≈≈▓
###########..#▓≈≈≈..≈≈≈≈≈..▓
##.....∩.....#▓≈≈....~~~...▓
#......∩....##▓≈≈≈..≈≈≈≈≈..▓
#..########## ▓≈≈≈≈≈≈≈≈≈≈..▓
#.........$.##▓≈~~~~~≈≈~≈~.▓
##........$p.#▓..~≈≈≈~~≈~≈≈▓
##########N.#▓...≈≈≈≈≈≈≈≈≈▓
...NN.N...#▓....~~≈~~≈≈.▓
NN.......##▓...≈≈≈~≈≈~.∩▓
########## ▓.≈≈≈≈≈≈≈≈≈.∩▓
▓≈≈≈≈≈≈≈≈≈≈.∩▓ ▓.~~~~~~~~..)▓
▓▓▓▓▓▓▓▓▓▓▓▓▓▓


You could see a nagaraja (fast).

Vanquished Creatures
  Rupert (D)
  Polyphemus (D)
  Harold (D)
  Ilsuiw (D)
  A merfolk javelineer (D)
  Josephine (D)
  2 hydras (D)
  A centaur warrior (D)
  4 death yaks (D)
  5 anacondas (D)
  Urug (D)
  A naga warrior (D)
  5 orc high priests (D)
  A sea snake (D)
  A death drake (D)
  A spriggan druid (D)
  A lindwurm (D)
  An orange crystal statue (D)
  5 deep elf pyromancers (D)
  Joseph (D)
  An orc sorcerer (D)
  A deep elf zephyrmancer (D)
  8 black mambas (D)
  An unseen horror (D)
  2 cane toads (D)
  A rime drake (D)
  A komodo dragon (D)
  3 wandering mushrooms (D)
  2 tyrant leeches (D)
  3 dream sheep (D)
  8 blink frogs (D)
  A shadow (D)
  2 spriggans (D)
  3 redbacks (D)
  A spatial vortex (D)
  2 nagas (D)
  4 water moccasins (D)
  A swamp drake (D)
  2 centaurs (D)
  An earth elemental (D)
  A necrophage (D)
  A water elemental (D)
  An electric eel (D)
  A jelly (D)
  3 orc priests (D)
  An arcanist (D)
  A necromancer (D)
  4 orc wizards (D)
  3 humans (D)
  A kobold demonologist (D)
  An adder (D)
  A phantom (D)
  9 orcs (D)
  An endoplasm (D)
  3 rats (D)
116 creatures vanquished.

Notes
Turn   | Place    | Note
-------+----------+-------------------------------------------
     0 | D        | rocky1 the Djinni Shapeshifter began the quest for the Orb.
     0 | D        | Reached XP level 1. HP: 17/17 MP: 0/0
    75 | D        | Reached XP level 2. HP: 5/22 MP: 0/0
   132 | D        | Gained mutation: Your movements are slightly less
                  | encumbered by armour. (ER -2) [potion of mutation]
   160 | D        | Reached skill level 4 in Unarmed Combat
   160 | D        | Reached XP level 3. HP: 15/27 MP: 0/0
   160 | D        | Learned a level 1 spell: Freeze
   260 | D        | Noticed a water elemental
   264 | D        | Killed a water elemental
   265 | D        | Reached skill level 6 in Unarmed Combat
   265 | D        | Reached skill level 5 in Shapeshifting
   265 | D        | Reached XP level 4. HP: 32/32 MP: 0/0
   534 | D        | Reached skill level 1 in Stealth
   534 | D        | Reached XP level 5. HP: 14/37 MP: 0/0
   534 | D        | Learned a level 2 spell: Lesser Beckoning
   605 | D        | Noticed a shadow
   612 | D        | Killed a shadow
   613 | D        | Reached skill level 8 in Unarmed Combat
   613 | D        | Reached XP level 6. HP: 34/44 MP: 0/0
   653 | D        | Found a blossoming altar of Fedhas.
   653 | D        | Found a stormy altar of Qazlal.
   653 | D        | Found a snail-covered altar of Cheibriados.
   653 | D        | Found a burning altar of Makhleb.
   653 | D        | Found a shimmering altar of Xom.
   654 | D        | Found a hazy altar of Hepliaklqana.
   654 | D        | Found an opulent altar of Gozag.
   654 | D        | Found a sparkling altar of Nemelex Xobeh.
   654 | D        | Found a corrupted altar of Lugonu.
   654 | D        | Found a viscous altar of Jiyva.
   654 | D        | Noticed a spatial vortex
   658 | D        | Became a worshipper of Gozag Ym Sagoz the Greedy
   672 | D        | Killed a spatial vortex
   673 | D        | Reached skill level 5 in Dodging
   673 | D        | Reached skill level 9 in Unarmed Combat
   673 | D        | Reached XP level 7. HP: 49/49 MP: 0/0
   673 | D        | Learned a level 3 spell: Ozocubu's Armour
   787 | D        | Found a basalt altar of Yredelemnul.
   787 | D        | Found a shadowy altar of Dithmenos.
   787 | D        | Found a sacrificial altar of Ru.
   846 | D        | Reached skill level 10 in Unarmed Combat
   846 | D        | Reached skill level 1 in Spellcasting
   846 | D        | Reached skill level 1 in Conjurations
   846 | D        | Reached skill level 1 in Hexes
   846 | D        | Reached skill level 1 in Summonings
   846 | D        | Reached skill level 1 in Necromancy
   846 | D        | Reached skill level 1 in Translocations
   846 | D        | Reached skill level 1 in Transmutations
   846 | D        | Reached skill level 1 in Fire Magic
   846 | D        | Reached skill level 1 in Ice Magic
   846 | D        | Reached skill level 1 in Air Magic
   846 | D        | Reached skill level 1 in Earth Magic
   846 | D        | Reached skill level 1 in Poison Magic
   847 | D        | Noticed a chaos spawn
   894 | D        | Found a glowing silver altar of Zin.
   894 | D        | Found a glowing golden altar of the Shining One.
   894 | D        | Found a white marble altar of Elyvilon.
   895 | D        | Noticed a deep elf pyromancer
   898 | D        | Noticed a fire elemental
   902 | D        | Killed a deep elf pyromancer
   903 | D        | Reached skill level 11 in Unarmed Combat
   903 | D        | Reached XP level 8. HP: 38/56 MP: 0/0
   977 | D        | Found a hide-covered altar of Uskayaw.
   977 | D        | Found an iron altar of Okawaru.
   977 | D        | Found a bloodstained altar of Trog.
   977 | D        | Found an ornate altar of the Wu Jian Council.
   977 | D        | Noticed a human
   987 | D        | Killed a human
  1089 | D        | Noticed a human
  1099 | D        | Killed a human
  1100 | D        | Reached skill level 12 in Unarmed Combat
  1149 | D        | Noticed Josephine
  1159 | D        | Killed Josephine
  1160 | D        | Reached skill level 13 in Unarmed Combat
  1160 | D        | Reached skill level 10 in Shapeshifting
  1160 | D        | Reached XP level 9. HP: 49/62 MP: 0/0
  1160 | D        | Learned a level 3 spell: Inner Flame
  1287 | D        | Noticed a centaur warrior
  1307 | D        | Killed a centaur warrior
  1308 | D        | Reached skill level 14 in Unarmed Combat
  1424 | D        | Noticed an orc high priest
  1424 | D        | Noticed an orc high priest
  1425 | D        | Noticed an orc sorcerer
  1425 | D        | Noticed an orc high priest
  1427 | D        | Noticed an orange demon
  1430 | D        | Noticed a rust devil
  1430 | D        | Noticed a sun demon
  1430 | D        | Killed an orc high priest
  1430 | D        | Killed an orc high priest
  1430 | D        | Killed an orc high priest
  1431 | D        | Reached skill level 5 in Fighting
  1431 | D        | Reached skill level 16 in Unarmed Combat
  1431 | D        | Reached skill level 5 in Spellcasting
  1431 | D        | Reached skill level 5 in Conjurations
  1431 | D        | Reached skill level 5 in Hexes
  1431 | D        | Reached skill level 5 in Summonings
  1431 | D        | Reached skill level 5 in Necromancy
  1431 | D        | Reached skill level 5 in Translocations
  1431 | D        | Reached skill level 5 in Transmutations
  1431 | D        | Reached skill level 5 in Fire Magic
  1431 | D        | Reached skill level 5 in Ice Magic
  1431 | D        | Reached skill level 5 in Air Magic
  1431 | D        | Reached skill level 5 in Earth Magic
  1431 | D        | Reached skill level 5 in Poison Magic
  1431 | D        | Reached XP level 10. HP: 9/70 MP: 0/0
  1431 | D        | Killed an orc sorcerer
  1432 | D        | Reached skill level 5 in Stealth
  1554 | D        | Found Rievut's Book Shoppe.
  1692 | D        | Bought an amulet of regeneration for 390 gold pieces
  1692 | D        | Bought the ring of the Empire {rN+ Int+3 Dex+6} for 695
                  | gold pieces
  1700 | D        | Bought a steel ring for 145 gold pieces
  1700 | D        | Bought a scroll labelled FULUOG QOSHU for 29 gold pieces
  1700 | D        | Bought a glowing ring mail for 203 gold pieces
  1700 | D        | Bought a potion of heal wounds for 145 gold pieces
  1709 | D        | Noticed a deep elf pyromancer
  1709 | D        | Noticed a deep elf pyromancer
  1709 | D        | Noticed a deep elf pyromancer
  1709 | D        | Noticed a deep elf zephyrmancer
  1709 | D        | Noticed a deep elf pyromancer
  1719 | D        | Killed a deep elf pyromancer
  1724 | D        | Killed a deep elf pyromancer
  1725 | D        | Reached XP level 11. HP: 69/76 MP: 0/0
  1725 | D        | Learned a level 5 spell: Fireball
  1732 | D        | Killed a deep elf zephyrmancer
  1740 | D        | Killed a deep elf pyromancer
  1741 | D        | Reached skill level 17 in Unarmed Combat
  1741 | D        | Noticed a deep elf pyromancer
  1746 | D        | Killed a deep elf pyromancer
  2051 | D        | Noticed Harold
  2051 | D        | Noticed Joseph
  2065 | D        | Killed Harold
  2066 | D        | Reached skill level 10 in Dodging
  2080 | D        | Killed Joseph
  2081 | D        | Reached skill level 18 in Unarmed Combat
  2117 | D        | Noticed a sun demon
  2179 | D        | Noticed a yaktaur captain
  2180 | D        | Noticed a yaktaur captain
  2269 | D        | Noticed an orange crystal statue
  2282 | D        | Killed an orange crystal statue
  2297 | D        | Found Emip's Jewellery Emporium.
  2297 | D        | Found Zahem's Magic Scroll Shop.
  2297 | D        | Found Upruistu's Book Boutique.
  2297 | D        | Found Tafag's Antique Weapon Shoppe.
  2297 | D        | Found Gezoxt's Weapon Boutique.
  2297 | D        | Found Lomnouna's Distillery.
  2297 | D        | Found Olareull's Antique Armour Shop.
  2297 | D        | Found Fichux's Book Shop.
  2297 | D        | Found Extu's Magic Scroll Emporium.
  2297 | D        | Found Hokus's Jewellery Emporium.
  2297 | D        | Found Lithrethy's Magic Scroll Boutique.
  2329 | D        | Bought a helmet for 135 gold pieces
  2329 | D        | Bought a pair of gloves for 135 gold pieces
  2355 | D        | Bought a potion of resistance for 130 gold pieces
  2355 | D        | Bought a potion of invisibility for 104 gold pieces
  2355 | D        | Bought a potion of brilliance for 52 gold pieces
  2439 | D        | Reached XP level 12. HP: 74/84 MP: 0/0
  2585 | D        | Noticed Urug
  2593 | D        | Killed Urug
  2610 | D        | Noticed a seven-headed hydra
  2610 | D        | Noticed a six-headed hydra
  2619 | D        | Killed a seven-headed hydra
  2620 | D        | Reached skill level 19 in Unarmed Combat
  2620 | D        | Killed a six-headed hydra
  2621 | D        | Noticed a death drake
  2628 | D        | Killed a death drake
  2807 | D        | Noticed Polyphemus
  2828 | D        | Killed Polyphemus
  2989 | D        | Noticed Ilsuiw
  3021 | D        | Killed Ilsuiw
  3052 | D        | Got a barnacled rune of Zot
  3056 | D        | Found Tuygiof's Antique Weapon Shoppe.
  3056 | D        | Found Xipnept's Distillery.
  3056 | D        | Found Qustasyen's Book Emporium.
  3056 | D        | Noticed a merfolk javelineer
  3068 | D        | Killed a merfolk javelineer
  3076 | D        | Noticed a sea snake
  3089 | D        | Killed a sea snake
  3118 | D        | Bought a potion of resistance for 120 gold pieces
  3118 | D        | Bought 2 potions of might for 96 gold pieces
  3118 | D        | Bought a potion of curing for 36 gold pieces
  3118 | D        | Bought a potion of cancellation for 96 gold pieces
  3118 | D        | Bought a potion of resistance for 120 gold pieces
  3118 | D        | Bought a potion of curing for 36 gold pieces
  3118 | D        | Bought a potion of heal wounds for 60 gold pieces
  3118 | D        | Bought a potion of curing for 36 gold pieces
  3118 | D        | Bought a potion of mutation for 96 gold pieces
  3146 | D        | Found a blossoming altar of Fedhas.
  3146 | D        | Noticed a spriggan druid
  3152 | D        | Reached skill level 20 in Unarmed Combat
  3161 | D        | Killed a spriggan druid
  3162 | D        | Reached XP level 13. HP: 92/93 MP: 0/0
  3162 | D        | Learned a level 5 spell: Yara's Violent Unravelling
  3470 | D        | Noticed Rupert
  3479 | D        | Killed Rupert
  3526 | D        | Reached skill level 10 in Fighting
  3526 | D        | Reached skill level 10 in Spellcasting
  3526 | D        | Reached skill level 10 in Conjurations
  3526 | D        | Reached skill level 10 in Hexes
  3526 | D        | Reached skill level 10 in Summonings
  3526 | D        | Reached skill level 10 in Necromancy
  3526 | D        | Reached skill level 10 in Translocations
  3526 | D        | Reached skill level 10 in Transmutations
  3526 | D        | Reached skill level 10 in Fire Magic
  3526 | D        | Reached skill level 10 in Ice Magic
  3526 | D        | Reached skill level 10 in Air Magic
  3526 | D        | Reached skill level 10 in Earth Magic
  3526 | D        | Reached skill level 10 in Poison Magic
  3550 | D        | Reached skill level 21 in Unarmed Combat
  3562 | D        | Noticed an azure jelly
  3562 | D        | Noticed an azure jelly
  3576 | D        | Noticed an anaconda
  3585 | D        | Killed an anaconda
  3638 | D        | Noticed an anaconda
  3638 | D        | Noticed an anaconda
  3638 | D        | Noticed an anaconda
  3649 | D        | Killed an anaconda
  3655 | D        | Killed an anaconda
  3656 | D        | Reached skill level 1 in Armour
  3662 | D        | Killed an anaconda
  3718 | D        | Bought 2 potions of heal wounds for 140 gold pieces
  3720 | D        | Bought a +2 pair of gloves of hurling for 322 gold pieces
  3736 | D        | Noticed an anaconda
  3744 | D        | Killed an anaconda
  3745 | D        | Reached skill level 22 in Unarmed Combat
  3882 | D        | Noticed a nagaraja
  3917 | D        | Slain by a nagaraja

Illustrated notes

Levels and vault maps discovered:
D:        dungeon_sprint_mu [sprint_mu_entry_forest, sprint_mu_temple_rooms,
          sprint_mu_d1_horrors, sprint_mu_d2_genie, sprint_mu_d3_branching,
          sprint_mu_orc_legion, sprint_mu_elf_gauntlet, sprint_mu_hive_nellie,
          sprint_mu_lair_fedhas, sprint_mu_vaults_butterflies,
          sprint_mu_slime_circle, sprint_mu_shoals_archi,
          sprint_mu_snake_twists, sprint_mu_blade_basic, sprint_mu_crypt_lich,
          sprint_mu_tomb_spiral, sprint_mu_vestibule_basic,
          sprint_mu_gehenna_hellfire, sprint_mu_dis_giant,
          sprint_mu_tartarus_statrot, sprint_mu_cocytus_islands, sprint_mu_zot1]

Skill      XL: |  1  2  3  4  5  6  7  8  9 10 11 12 13 |
---------------+----------------------------------------+-----
Shapeshifting  | 3 4 5 7 8 9 10 11 12 14 | 14.7
Dodging        | 3 4 5 6 8 11 12 14 | 14.3
Unarmed Combat | 4 6 8 9 11 13 16 18 20 22 | 22.2
Stealth        | 1 2 3 4 5 |  5.9
Fighting       | 2 3 4 5 6 8 11 | 11.5
Spellcasting   | 2 3 5 7 9 10 | 10.0
Conjurations   | 2 3 5 7 9 10 | 10.0
Hexes          | 2 3 5 7 9 10 | 10.0
Summonings     | 2 3 5 7 9 10 | 10.0
Necromancy     | 2 3 5 7 9 10 | 10.0
Translocations | 2 3 5 7 9 10 | 10.0
Transmutations | 2 3 5 7 9 10 | 10.0
Fire Magic     | 2 3 5 7 9 10 | 10.0
Ice Magic      | 2 3 5 7 9 10 | 10.0
Air Magic      | 2 3 5 7 9 10 | 10.0
Earth Magic    | 2 3 5 7 9 10 | 10.0
Poison Magic   | 2 3 5 7 9 10 | 10.0
Armour         | 3 |  3.6

Action                     |  1- 3 |  4- 6 |  7- 9 | 10-12 | 13-15 || total
---------------------------+-------+-------+-------+-------+-------++-------
  Melee: Unarmed           |    37 |    19 |    74 |   211 |   182 ||   523
         Punch             |     1 |       |       |     4 |       ||     5
   Cast: Fireball          |       |       |       |     2 |       ||     2
 Invoke: Call Merchant     |       |       |       |     3 |     2 ||     5
         Potion Petition   |       |       |       |     2 |     2 ||     4
    Use: Potion            |     2 |       |     1 |     1 |       ||     4
         Scroll            |       |       |     4 |     1 |       ||     5
   Stab: Sleeping          |     1 |       |       |     2 |     1 ||     4
         Distracted        |       |       |       |     2 |     2 ||     4
 Armour: Animal skin       |    13 |     3 |    17 |       |       ||    33
         Skin              |     2 |       |       |       |       ||     2
         Robe              |       |       |    24 |    74 |    60 ||   158
  Dodge: Dodged            |    13 |     7 |    51 |   102 |   162 ||   335
   Form: Flux              |     1 |       |       |     1 |       ||     2
         Beast             |       |       |       |     1 |       ||     1

Table legend: (Time is in decaauts)
 A = Elapsed time spent in this place.
 B = Non-inter-level travel time spent in this place.
 C = Inter-level travel time spent in this place.
 D = Time resting spent in this place.
 E = Time spent auto-exploring this place.
 F = Levels seen in this place.
 G = Mean time per level.
                   A        B        C        D        E       F      G
               +--------+--------+--------+--------+--------+-----+--------+
         Total |   3771 |   3728 |     43 |   2174 |      0 |   1 | 3771.0 |
       Dungeon |   3771 |   3728 |     43 |   2174 |      0 |   1 | 3771.0 |
               +--------+--------+--------+--------+--------+-----+--------+

Top non-repeatable levels by time:
       D: 3771 daAuts
